 Dungeon Crawl Stone Soup version 0.18.1-1-g2f07953 (webtiles) character file.

101 dysrexia the Slasher (level 4, -1/31 HPs)
             Began as an Octopode Fighter on May 7, 2016.
             Slain by an ice beast (14 damage)
             ... on level 2 of the Dungeon.
             The game lasted 00:07:46 (1968 turns).

dysrexia the Slasher (Octopode Fighter)             Turns: 1968, Time: 00:07:47

Health: -1/31      AC:  1    Str: 15    XL:     4   Next: 75%
Magic:  4/4        EV: 10    Int: 10    God:
Gold:   96         SH:  8    Dex: 12    Spells: 0 memorised, 3 levels left

rFire  . . .     SeeInvis .     a - +0 long sword
rCold  . . .     Gourm    .     b - +0 shield
rNeg   . . .     Faith    .     (helmet restricted)
rPois  .         Spirit   .     (no amulet)
rElec  .         Dismiss  .     (no ring)
rCorr  .         Reflect  .     (no ring)
SustAt .         Harm     .     (no ring)
MR     .....                    (no ring)
Stlth  +++.......               (no ring)
                                (no ring)
                                (no ring)
                                (no ring)

@: not resistant to hostile enchantments, fairly stealthy
A: almost no armour, amphibious, 8 rings, constrict 8, camouflage 1, gelatinous
body 1
a: no special abilities


You were on level 2 of the Dungeon.
You were not hungry.

You visited 1 branch of the dungeon, and saw 2 of its levels.

You collected 96 gold pieces.

Inventory:

Hand Weapons
 a - a +0 long sword (weapon)
 t - a +0 halberd
Missiles
 h - 88 stones (quivered)
 n - 8 poisoned needles
 s - a throwing net
Armour
 b - a +0 shield (worn)
Scrolls
 e - a scroll of immolation {unknown}
 f - 2 scrolls of enchant weapon {unknown}
 j - 3 scrolls of teleportation {unknown}
 p - a scroll of identify {unknown}
 r - a scroll of amnesia {unknown}
Potions
 c - a potion of might
 i - 2 potions of degeneration {unknown}
 l - a potion of lignification {unknown}
 o - a potion of flight {unknown}
 q - a potion of haste {unknown}
 v - a potion of brilliance {unknown}
 w - a potion of curing {unknown}
 x - a potion of mutation {unknown}
Comestibles
 d - 2 bread rations
 g - 3 meat rations
 k - a beef jerky
 m - 4 fruits
 u - 3 chunks of flesh


   Skills:
 - Level 3.0 Fighting
 * Level 4.1 Long Blades
 - Level 3.0 Dodging
 + Level 3.2 Stealth
 - Level 3.0 Shields


You had 3 spell levels left.
You didn't know any spells.

Dungeon Overview and Level Annotations

Branches:
Dungeon (2/15)

Altars:


Innate Abilities, Weirdness & Mutations

You cannot wear most types of armour.
You are amphibious.
You can wear up to eight rings at the same time.
You can use your tentacles to constrict eight enemies at once.
Your skin changes colour to match your surroundings (Stealth).
Your rubbery body absorbs attacks (AC +1).


Message History

You butcher the giant cockroach corpse.
u - 3 chunks of flesh (gained 2)
There is a shaft here.
A bat comes into view.
An ice beast comes into view.
There is a stone staircase leading up here.
You hit the ice beast but do no damage. You block the ice beast's attack.
You hit the ice beast.
The ice beast is lightly wounded.
You block the ice beast's attack. x2
You closely miss the ice beast.
The ice beast is lightly wounded.
The ice beast hits you. The ice beast freezes you!
You closely miss the ice beast.
The ice beast is lightly wounded.
The ice beast barely misses you.
You hit the ice beast.
The ice beast is lightly wounded.
The ice beast hits you. The ice beast freezes you!
You die...

###..............##.#######.#
##########.......................
^..............#........#.##.....
##########.#.#.#..###...#.##.....
...........#.#.#..#.#...#.##..)..
..........>.......#...#.#.##.....
##########.#.#........#.#.##.....
#######.#.#.#....#.#.#.#####+#
#.....#.#.#.#@##.#.#.#.#####.#
#.....#.#.#.#Y####...........#
#.....#.#.#..........#....####
#.........................'...
#...............##...#....##.#
#.............#.######........
######....#.#.#..# #.....#..
#.##.#.#.#..# #.....###
#.#..#.#.#..# #.....###


You could see an ice beast.

Vanquished Creatures
  An adder (D:2)
  4 gnolls
  3 dart slugs
  A giant gecko (D:1)
  4 giant cockroaches
  7 goblins
  A hobgoblin (D:2)
  4 jackals (D:1)
  9 kobolds
  A ball python (D:1)
  5 bats
  5 giant newts
  3 rats
48 creatures vanquished.

Notes
Turn   | Place    | Note
--------------------------------------------------------------
     0 | D:1      | dysrexia the Octopode Fighter began the quest for the Orb.
     0 | D:1      | Reached XP level 1. HP: 16/16 MP: 1/1
   294 | D:1      | Reached skill level 1 in Stealth
   294 | D:1      | Reached XP level 2. HP: 10/21 MP: 2/2
   621 | D:1      | Reached skill level 3 in Long Blades
   621 | D:1      | Reached XP level 3. HP: 25/26 MP: 3/3
  1113 | D:2      | Reached XP level 4. HP: 31/31 MP: 4/4
  1357 | D:2      | Reached skill level 4 in Long Blades
  1951 | D:2      | Noticed an ice beast
  1968 | D:2      | Slain by an ice beast

Skill      XL: |  1  2  3  4 |
---------------+-------------+-----
Stealth        | 1 2 3 |  3.2
Long Blades    | 3 4 |  4.1
Fighting       | |  3.0
Dodging        | |  3.0
Shields        | |  3.0

Action                   |  1- 3 |  4- 6 || total
-------------------------+-------+-------++-------
Melee: Long sword        |    65 |    32 ||    97
       Constrict         |    19 |     5 ||    24
       Tentacles         |     6 |     3 ||     9
 Stab: Sleeping          |     8 |     3 ||    11
  Eat: Chunk             |     1 |     2 ||     3
Armor: Skin              |     3 |     4 ||     7
Dodge: Dodged            |    23 |    13 ||    36
Block: Shield            |    31 |    19 ||    50
